AoeStats
← Est.in1974

Arabia

509710491Analyzed
4v4 RM · 4d ago on Sep 27, 2026· 59m 57s· 8 players
Game mode
Random Map
Map size
Large (8 player)
Population
200
Speed
Normal
Resources
Standard
Victory
Conquest
Starting age
Dark Age
Ending age
Imperial Age
RankedLock teamsTeams togetherTeam positionsShared explorationLock speedFull tech treeHidden civsTurbo modeCheats
Victory
Defeat
🇧🇷 Tupi · Brazil
1258
+13
🇧🇷 Goths · Brazil
1210
+15
🇧🇷 Chinese · Brazil
1169
+17
🇧🇷 Hindustanis · Brazil
1105
+20
🇬🇧 Magyars · United Kingdom
1210
-17
🇩🇪 Cumans · Germany
1206
-17
🇹🇷 Britons · Türkiye
1194
-16
🇩🇪 Malay · Germany
1168
-15
DschingisKahl
8:57 Loom
10:49 Feudal Age
16:41 Castle Age
22:58 Crossbowman
24:00 Double-Bit Axe
25:51 Padded Archer Armor
26:47 Fletching
32:06 Bodkin Arrow
32:19 Horse Collar
35:12 Wheelbarrow
34:51 Bow Saw
35:19 Ballistics
36:05 Leather Archer Armor
41:24 Imperial Age
40:03 Thumb Ring
40:59 Masonry
40:29 Arbalester
42:37 Bracer
51:12 Elite Skirmisher
Scandinavian
4:43 Loom
10:22 Feudal Age
11:18 Double-Bit Axe
11:16 Horse Collar
12:31 Padded Archer Armor
13:03 Gold Mining
21:24 Scale Mail Armor
26:45 Castle Age
24:53 Fletching
25:39 Stone Mining
26:22 Arson
26:50 Forging
26:48 Pikeman
26:51 Crossbowman
28:35 Gold Shaft Mining
28:35 Bodkin Arrow
30:56 Iron Casting
30:54 Squires
35:54 Elite Skirmisher
36:24 Gambesons
39:38 Heavy Plow
40:06 Bow Saw
44:27 Wheelbarrow
45:31 Ballistics
45:22 Masonry
45:42 Hand Cart
45:37 Town Watch
45:20 Man-at-Arms
46:17 Long Swordsman
52:41 Imperial Age
51:38 Leather Archer Armor
51:38 Chain Mail Armor
52:07 Town Patrol
51:29 Elite Skirmisher
52:47 Arbalester
54:18 Capped Ram
56:15 Two-Man Saw
58:01 Two-Handed Swordsman
Est.in1974
10:23 Feudal Age
11:41 Loom
12:11 Double-Bit Axe
14:48 Wheelbarrow
13:55 Horse Collar
16:26 Scale Barding Armor
23:12 Castle Age
24:22 Bloodlines
24:58 Forging
28:43 Heavy Plow
28:55 Bow Saw
30:47 Chain Barding Armor
32:34 Iron Casting
32:21 Hand Cart
39:20 Imperial Age
37:15 Town Watch
38:01 Steppe Husbandry
37:54 Fletching
39:56 Elite Steppe Lancer
41:25 Plate Barding Armor
42:24 Blast Furnace
49:23 Light Cavalry
53:46 Hussar
53:58 Onager
milaqet
6:42 Loom
9:35 Feudal Age
10:40 Double-Bit Axe
12:11 Horse Collar
21:46 Castle Age
19:54 Scale Barding Armor
20:24 Town Watch
20:51 Bloodlines
22:28 Husbandry
22:50 Chain Barding Armor
23:19 Bow Saw
23:15 Heavy Plow
31:35 Wheelbarrow
36:26 Herbal Medicine
40:57 Imperial Age
39:18 Hand Cart
41:11 Cavalier
41:14 Light Cavalry
42:30 Plate Barding Armor
43:22 Paladin
49:03 Hussar
54:18 Crop Rotation
55:10 Conscription
RANDALZIN
0:29 Loom
9:59 Feudal Age
16:47 Fletching
20:27 Castle Age
24:14 Double-Bit Axe
25:46 Forging
25:44 Scale Barding Armor
25:35 Bodkin Arrow
25:41 Padded Archer Armor
28:40 Stone Mining
31:12 Horse Collar
34:49 Scale Mail Armor
35:44 Iron Casting
36:13 Chain Mail Armor
36:50 Gold Mining
38:56 Squires
39:51 Heavy Plow
41:02 Bow Saw
42:02 Wheelbarrow
44:11 Town Watch
44:46 Hand Cart
44:29 Bodkin Arrow
44:49 Leather Archer Armor
48:39 Imperial Age
49:05 Ballistics
49:24 Gold Shaft Mining
50:00 Bracer
50:19 Town Patrol
50:46 Conscription
51:13 Elite Chu Ko Nu
52:08 Thumb Ring
53:58 Capped Ram
57:17 Siege Ram
darkdudu
3:18 Loom
9:46 Feudal Age
12:41 Fletching
13:55 Padded Archer Armor
15:11 Double-Bit Axe
18:58 Wheelbarrow
18:05 Horse Collar
23:44 Castle Age
23:40 Gold Mining
24:01 Crossbowman
24:42 Bodkin Arrow
25:56 Leather Archer Armor
27:34 Ballistics
36:11 Imperial Age
36:07 Bow Saw
36:19 Hand Cart
36:38 Arbalester
37:26 Bracer
38:42 Chemistry
39:55 Curare
48:53 Stone Mining
50:04 Two-Man Saw
49:14 Guard Tower
49:11 Arrowslits
52:20 Gold Shaft Mining
53:38 Keep
59:41 Caravan
DougSh4rK
12:17 Feudal Age
10:34 Loom
14:13 Bloodlines
22:49 Castle Age
22:05 Forging
24:20 Iron Casting
23:51 Scale Barding Armor
27:44 Husbandry
27:42 Horse Collar
28:03 Double-Bit Axe
33:50 Gold Mining
35:21 Wheelbarrow
38:10 Imperial Age
37:16 Chain Barding Armor
37:07 Light Cavalry
38:59 Heavy Camel Rider
39:00 Light Cavalry
42:15 Imperial Camel Rider
46:36 Plate Barding Armor
47:02 Blast Furnace
49:25 Conscription
50:10 Gold Shaft Mining
Tilan Borrego
10:49 Feudal Age
17:12 Castle Age
16:59 Double-Bit Axe
22:46 Horse Collar
25:14 Loom
26:12 Wheelbarrow
26:50 Bloodlines
27:40 Scale Barding Armor
27:45 Forging
30:09 Forging
29:30 Pikeman
30:10 Squires
30:12 Scale Mail Armor
30:59 Husbandry
31:16 Hand Cart
34:28 Chain Barding Armor
34:44 Iron Casting
36:14 Chain Mail Armor
38:18 Stone Mining
40:14 Anarchy
41:19 Bow Saw
41:10 Heavy Plow
44:21 Imperial Age
44:27 Cavalier
46:09 Blast Furnace
45:31 Conscription
45:21 Halberdier
48:07 Perfusion
57:56 Light Cavalry
Connection lost

Rejoining the realm…

Still unreachable

The connection could not be restored.

Session expired

The server has moved on; the page needs a fresh start.